Cogmind - Beta 14 @@@ ROGUE MODE // 2024.11.19 @ 15:19:34 Player: Thqwib Result: Self-destructed Performance ------------- Evolutions (5) 2500 Regions Visited (9) 1800 Robots Destroyed (75) 375 Value Destroyed (2397) 2397 Prototype IDs (35) 700 Alien Tech Used (0) 0 Bonus (323) 323 TOTAL SCORE: 8095 Bonus ------- Follower Combat Kills 40 Aligned with FarCom 300 Friendly Fire -17 Cogmind --------- Core Integrity 1000/1000 Matter 190/300 Energy 125/125 System Corruption 0% Temperature Cool (-150) Movement Core (400) Ox7 Location -5/Factory Parts ------- > --- POWER (2) -------- Light Ion Engine > --- PROPULSION (4) --- (None) > --- UTILITY (8) ------ Improved Cryofiber Web Medium Storage Unit Modified TNC Improved Salvage Targeting Computer Improved Reaction Control System Hacking Suite > --- WEAPON (3) ------- Gauss Rifle Power Maul > --- INVENTORY (10) --- Core Analyzer Improved Reaction Control System Assault Cannon Heavy Flak Cannon Peak State ------------ > --- POWER ------------ Light Nuclear Core Cold Fusion Reactor > --- PROPULSION ------- Aluminum Leg Carbon-fiber Leg VSS Leg VSS Leg > --- UTILITY ---------- Improved Heat Sink Medium Storage Unit Modified TNC Improved Salvage Targeting Computer Improved Targeting Computer Makeshift Cloaking Device Hacking Suite > --- WEAPON ----------- Heavy Rocket Launcher Power Maul > --- INVENTORY -------- VSS Leg Core Analyzer Launcher Loader Advanced Beam Rifle Gatling Laser Heavy Assault Rifle Assault Cannon Assault Cannon [Rating: 54] Favorites ----------- Power Ion Engine Engine Ion Engine Power Core Micro Nuclear Core Reactor Cold Fusion Reactor Propulsion Aluminum Leg Treads Light Treads Leg Aluminum Leg Flight Unit Improved VTOL Module Utility Modified TNC Device Improved Heat Sink Storage Medium Storage Unit Processor Modified TNC Hackware Hacking Suite Protection Improved Light Armor Plating Weapon Enhanced Autogun Energy Gun Particle Gun Ballistic Gun Enhanced Autogun Ballistic Cannon Assault Cannon Launcher Heavy Rocket Launcher Impact Weapon Power Maul Slashing Weapon Makeshift Axe Build | -11 -10 -10 -10 -9 -8 -8 -7 -6 -5 ------- Run | Yrd Mat Min Exi Min Mat Sto Fac Fac Fac Slots Evolved 10 | . . . . . 4 . 2 2 2 Power 1 | . . . . . . . . 1 . Propulsion 2 | . . . . . 1 . . 1 . Utility 6 | . . . . . 3 . 2 . 1 Weapon 1 | . . . . . . . . . 1 Parts Attached 126 | . 6 4 . 3 8 44 33 22 6 Power 14 | . 2 . . 1 . 5 1 5 . Engine 9 | . 2 . . 1 . 3 . 3 . Core 3 | . . . . . . 1 1 1 . Reactor 2 | . . . . . . 1 . 1 . Propulsion 32 | . 2 1 . 2 1 10 10 6 . Treads 2 | . . . . . . . . 2 . Leg 29 | . 2 1 . 2 1 9 10 4 . Wheel . | . . . . . . . . . . Hover . | . . . . . . . . . . Flight 1 | . . . . . . 1 . . . Utility 28 | . 1 1 . . 4 6 12 2 2 Device 15 | . 1 1 . . 1 2 7 1 2 Storage 3 | . . . . . 1 1 1 . . Processor 3 | . . . . . 2 . 1 . . Hackware 1 | . . . . . . . 1 . . Protection 6 | . . . . . . 3 2 1 . Artifact . | . . . . . . . . . . Weapon 52 | . 1 2 . . 3 23 10 9 4 Energy Gun 15 | . . 1 . . 1 9 1 3 . Energy Cannon . | . . . . . . . . . . Ballistic Gun 17 | . 1 1 . . 1 9 2 1 2 Ballistic Cannon 7 | . . . . . . 3 1 3 . Launcher 5 | . . . . . . . 2 2 1 Special Weapon . | . . . . . . . . . . Impact Weapon 4 | . . . . . . . 3 . 1 Slashing Weapon 4 | . . . . . 1 2 1 . . Piercing Weapon . | . . . . . . . . . . Special Melee Weapon . | . . . . . . . . . . Unidentified Prototypes 7 | . . . . . . 7 . . . Corrupted Parts 1 | . . . . . . . . 1 . System Corruption 10 | . . . . . . . . 10 . Parts Lost 38 | . . . . . . 10 5 16 7 Power 5 | . . . . . . 1 . 4 . Propulsion 16 | . . . . . . 5 2 6 3 Utility 10 | . . . . . . 2 3 3 2 Weapon 7 | . . . . . . 2 . 3 2 Highest Loss Streak 14 | . . . . . . 5 2 14 7 To Critical Strikes . | . . . . . . . . . . Average Slot Usage (%) 94 | . 85 100 100 100 97 96 96 86 78 Engine 6 | . 14 14 14 14 9 3 3 3 5 Core 1 | . . . . . . 1 3 1 . Reactor 1 | . . . . . . 2 . 3 . Leg 23 | . 28 28 28 28 24 24 22 19 4 Device 12 | . . 14 14 14 18 11 15 10 15 Storage 9 | . 14 14 14 14 9 9 7 6 5 Processor 12 | . . . . . 18 18 16 16 11 Hackware 1 | . . . . . . . 4 6 5 Protection 3 | . . . . . . 6 4 1 4 Energy Gun 4 | . . 6 14 14 8 3 3 3 4 Ballistic Gun 11 | . 28 21 14 14 9 11 7 . 1 Ballistic Cannon 1 | . . . . . . 2 . 3 . Peak Build Rating 54 | . 7 11 11 17 30 36 45 54 53 Average Rating 28 | . 6 9 11 15 26 28 39 46 47 On Entrance 19 | 6 6 7 11 11 17 30 30 45 35 Naked Turns . | . . . . . . . . . . Heaviest Build 46 | 10 13 15 15 17 25 35 40 46 31 Greatest Support 57 | 20 20 20 20 33 43 43 40 57 40 Greatest Overweight (x) 7 | . . . . . . 2 1 2 7 Average Overweight (x) . | . . . . . . . . . . Largest Inventory Capacity 10 | . 8 8 8 8 10 10 10 10 10 Average Capacity 9 | . 8 8 8 8 8 10 10 10 10 Most Carried 10 | . 8 8 8 8 9 10 10 10 9 Average Carried 8 | . 4 7 8 7 7 9 7 8 6 Final Capacity 10 | 8 8 8 8 8 10 10 10 10 10 Final Carried 10 | 6 7 8 8 8 9 10 8 8 4 Class Distribution -------------------- 32% | Scavenger-Mutant 31% | Scavenger-Skirmisher 23% | Mutant 6% | Skirmisher 5% | Scavenger-Assassin Dominant Class ---------------- Mutant | -10/Materials Mutant | -10/Mines Scavenger-Mutant | -10/Exiles Scavenger-Mutant | -9/Mines Scavenger-Skirmisher | -8/Materials Scavenger-Skirmisher | -8/Storage Mutant | -7/Factory Scavenger-Mutant | -6/Factory Scavenger-Mutant | -5/Factory Resources | -11 -10 -10 -10 -9 -8 -8 -7 -6 -5 ----------- Run | Yrd Mat Min Exi Min Mat Sto Fac Fac Fac Matter Collected 2676 | 200 99 77 . . 90 1129 520 561 . Remotely . | . . . . . . . . . . Salvage Created 2784 | . 203 181 . . . 1297 579 524 . Parts 130 | . 11 9 . . . 65 20 25 . Haulers Intercepted 7 | . 1 . . . . 6 . . . Recyclers Shooed 5 | . 1 . . . . 3 . 1 . Parts Field Recycled . | . . . . . . . . . . Retrieved Matter . | . . . . . . . . . . Parts Self-Destructed . | . . . . . . . . . . Prevented . | . . . . . . . . . . Kills | -11 -10 -10 -10 -9 -8 -8 -7 -6 -5 ------- Run | Yrd Mat Min Exi Min Mat Sto Fac Fac Fac Combat Hostiles Destroyed 54 | . 5 5 . . . 21 13 10 . Melee 1 | . . . . . . . 1 . . Guns 37 | . 5 5 . . . 16 9 2 . Cannons 8 | . . . . . . 5 . 3 . AOE 6 | . . . . . . . 1 5 . Classes Destroyed 12 | . 3 1 . . . 6 2 . . Worker 2 | . . . . . . 1 1 . . Builder 3 | . . . . . . . 2 1 . Hauler 7 | . 1 . . . . 6 . . . Recycler 6 | . . 1 . . . 3 1 1 . Operator 1 | . . . . . . 1 . . . Watcher 2 | . . . . . . 1 1 . . Swarmer 17 | . 3 3 . . . 6 5 . . Grunt 23 | . 2 2 . . . 8 7 4 . Duelist 2 | . . . . . . 1 . 1 . Sentry 7 | . . . . . . 4 . 3 . Hunter 4 | . . . . . . 2 . 2 . Programmer 1 | . . . . . . . 1 . . Best Kill Streak 7 | . 3 3 . . . 5 4 7 . Combat Bots Only 6 | . 3 3 . . . 4 4 6 . Max Kills in Single Turn 2 | . 1 1 . . . 2 1 2 . Gunslinging . | . . . . . . . . . . Exploded 2 | . . . . . . . 1 2 . Melee 1 | . . . . . . . 1 . . Uniques/NPCs Destroyed . | . . . . . . . . . . Combat | -11 -10 -10 -10 -9 -8 -8 -7 -6 -5 -------- Run | Yrd Mat Min Exi Min Mat Sto Fac Fac Fac Hostile Shots Fired 781 | . 34 22 . 2 . 152 136 398 37 Missed 269 | . 8 9 . . . 32 37 175 8 Damage Taken 6636 | . 256 154 . 30 . 1816 1521 2278 581 Core 959 | . 24 23 . . . 215 216 481 . Absorbed by Shields . | . . . . . . . . . . Regen/Repaired (Parts) 326 | . . . . . . 274 52 . . Core Remaining (%) 70 | 100 . . . 81 . 60 69 43 . Volleys Fired 230 | . 23 17 . . 1 109 41 36 3 Largest 2 | . 2 2 . . 2 2 2 2 2 Hottest 133 | . 40 85 . . 88 117 97 133 108 Shots Fired 442 | . 45 34 . . 2 212 79 64 6 Gun 360 | . 45 34 . . 2 168 76 31 4 Cannon 70 | . . . . . . 44 1 25 . Launcher 12 | . . . . . . . 2 8 2 Special . | . . . . . . . . . . Kinetic 360 | . 45 27 . . 1 191 67 28 1 Thermal 67 | . . 7 . . 1 18 10 28 3 Explosive 12 | . . . . . . . 2 8 2 Electromagnetic 3 | . . . . . . 3 . . . Robot Hit Streak 23 | . 4 10 . . 5 23 10 6 4 Robot Miss Streak 8 | . 6 4 . . . 4 8 5 1 Penetration Max . | . . . . . . . . . . Secondary Targets 5 | . . 1 . . . 2 2 . . Max Gunslinging Chain 1 | . . 1 . . . 1 1 . . Shots Hit Robots 285 | . 20 22 . . 2 133 60 47 1 Core Hits 152 | . 13 11 . . . 50 25 46 7 Critical Kills 1 | . . . . . . . 1 . . Critical Parts Destroyed 6 | . . . . . . 1 5 . . Critical Strikes 12 | . . . . . . 3 8 1 . Burn 3 | . . . . . . . 2 1 . Destroy 1 | . . . . . . 1 . . . Blast 2 | . . . . . . 2 . . . Smash 6 | . . . . . . . 6 . . Melee Attacks 39 | . . . . . 2 6 24 4 3 Impact 30 | . . . . . . . 23 4 3 Slashing 9 | . . . . . 2 6 1 . . Piercing . | . . . . . . . . . . Sneak Attacks 3 | . . . . . . . 3 . . Combat Hostiles . | . . . . . . . . . . Follow-up Attacks . | . . . . . . . . . . Damage Inflicted 6578 | . 175 215 . . 29 2382 1831 1512 434 Guns 3623 | . 170 205 . . 29 1845 860 476 38 Cannons 962 | . . . . . . 490 21 451 . Explosions 1187 | . . . . . . 26 180 585 396 Melee 770 | . . . . . . . 770 . . Ramming 36 | . 5 10 . . . 21 . . . Kinetic 3764 | . 170 153 . . 15 2206 721 499 . Thermal 821 | . . 52 . . 14 129 160 428 38 Explosive 1187 | . . . . . . 26 180 585 396 Electromagnetic . | . . . . . . . . . . Impact 770 | . . . . . . . 770 . . Slashing . | . . . . . . . . . . Piercing . | . . . . . . . . . . Highest Corruption 13 | . 1 1 1 1 . . 4 13 . Average Corruption 3 | . 1 1 1 1 . . 3 11 . Corruption Purged . | . . . . . . . . . . Corruption Blocked . | . . . . . . . . . . Effects 38 | . 4 7 1 . . . 7 19 . Message Errors 11 | . . 1 . . . . 2 8 . Matter Fused 9 | . 1 1 . . . . 4 3 . Heat Flow Errors 4 | . . . 1 . . . 1 2 . Energy Discharges 5 | . . 3 . . . . . 2 . Data Loss (minor) 4 | . 1 1 . . . . . 2 . Data Loss (major) 1 | . . 1 . . . . . . . Misfires 1 | . . . . . . . . 1 . Alerts 1 | . 1 . . . . . . . . Weapon Failures 2 | . 1 . . . . . . 1 . Overload Shots . | . . . . . . . . . . Overflow Damage 440 | . . . . . . 36 372 21 11 Projectiles 44 | . . . . . . 36 8 . . Explosions 32 | . . . . . . . . 21 11 Melee 364 | . . . . . . . 364 . . Knockbacks 12 | . . . . . . 3 7 2 . Impact 6 | . . . . . . . 6 . . Kinetic 5 | . . . . . . 3 . 2 . Secondary 1 | . . . . . . . 1 . . Self-Inflicted Damage 108 | . . . . . . 79 . 2 27 Shots 3 | . . . . . . 1 . 1 1 Rammed . | . . . . . . . . . . Targets Rammed 8 | . 2 3 . . . 3 . . . Kicked 8 | . 2 3 . . . 3 . . . Crushed . | . . . . . . . . . . Highest Temperature 228 | . 12 32 138 . . 228 153 193 . Average Temperature 49 | . 6 14 73 . . 53 34 59 . Received Heat Transfer 1858 | . 60 63 . 27 . 468 414 570 256 Siege Activations . | . . . . . . . . . . Robots Corrupted 4 | . . . . . . . 4 . . Combat Hostiles 2 | . . . . . . . 2 . . Parts Fried 10 | . . . . . . . 10 . . Impact Corruptions 13 | . . . . . . . 13 . . Robots Melted . | . . . . . . . . . . Combat Hostiles . | . . . . . . . . . . Parts Melted . | . . . . . . . . . . Heat Transferred 1905 | . . 111 . . 37 296 444 981 36 Parts Sabotaged . | . . . . . . . . . . Parts Stolen . | . . . . . . . . . . Parts Stripped . | . . . . . . . . . . Power Chain Reactions . | . . . . . . . . . . Alert | -11 -10 -10 -10 -9 -8 -8 -7 -6 -5 ------- Run | Yrd Mat Min Exi Min Mat Sto Fac Fac Fac Peak Influence 368 | . 148 112 . 15 57 319 288 368 275 Initial 144 | . . 57 . . 5 24 144 140 95 Average 147 | . 76 60 . 12 10 196 138 219 172 Maximum Alert Level 1 | . . . . . . 1 1 1 1 Low Security (%) 69 | . 100 100 . 100 100 41 92 42 50 Level 1 30 | . . . . . . 58 7 57 50 Level 2 . | . . . . . . . . . . Level 3 . | . . . . . . . . . . Level 4 . | . . . . . . . . . . Level 5 . | . . . . . . . . . . High Security . | . . . . . . . . . . Max Security . | . . . . . . . . . . Squads Dispatched 20 | . 1 . . . 4 2 5 7 1 Investigation 3 | . 1 . . . 2 . . . . Extermination 2 | . . . . . . . 1 1 . Reinforcement 8 | . . . . . . 1 4 3 . Assault 1 | . . . . . . . . . 1 Garrison 6 | . . . . . 2 1 . 3 . Intercept . | . . . . . . . . . . Searches Triggered . | . . . . . . . . . . Construction Impeded 3 | . . . . . . . 2 1 . Haulers Reinforced . | . . . . . . . . . . Active Scanning Responses . | . . . . . . . . . . Cargo Convoy Interrupts . | . . . . . . . . . . Stealth | -11 -10 -10 -10 -9 -8 -8 -7 -6 -5 --------- Run | Yrd Mat Min Exi Min Mat Sto Fac Fac Fac Distress Signals 6 | . 1 . . . . 4 1 . . Communications Jammed . | . . . . . . . . . . Distress Signals . | . . . . . . . . . . Times Spotted 98 | . 7 5 . 2 3 33 25 18 5 Peak Tracking Total 5 | . 3 3 . 2 4 4 4 5 5 Tactical Retreats 7 | . 1 . . . . 2 3 1 . Traps | -11 -10 -10 -10 -9 -8 -8 -7 -6 -5 ------- Run | Yrd Mat Min Exi Min Mat Sto Fac Fac Fac Traps Triggered 10 | . 2 . . . . 2 4 2 . Indirectly . | . . . . . . . . . . Trap Hack Attempts . | . . . . . . . . . . Triggered . | . . . . . . . . . . Disarmed . | . . . . . . . . . . Reprogrammed . | . . . . . . . . . . Reused . | . . . . . . . . . . Traps Extracted . | . . . . . . . . . . Installed . | . . . . . . . . . . Triggered . | . . . . . . . . . . Machines | -11 -10 -10 -10 -9 -8 -8 -7 -6 -5 ---------- Run | Yrd Mat Min Exi Min Mat Sto Fac Fac Fac Machines Disabled 12 | . . . . . . 10 . . 2 Max in Single Turn 1 | . . . . . . 1 . . 1 Garrison Access 1 | . . . . . . . . . 1 Machines Repaired . | . . . . . . . . . . Machines Dismantled . | . . . . . . . . . . Machines Sabotaged . | . . . . . . . . . . Overloaded Fab Kills . | . . . . . . . . . . Hacking | -11 -10 -10 -10 -9 -8 -8 -7 -6 -5 --------- Run | Yrd Mat Min Exi Min Mat Sto Fac Fac Fac Machines Accessed 26 | . 4 . 1 . 1 8 7 4 1 Terminals 21 | . 4 . . . 1 7 5 3 1 Fabricators 2 | . . . . . . . 1 1 . Repair Stations 2 | . . . . . . 1 1 . . Recycling Units . | . . . . . . . . . . Scanalyzers . | . . . . . . . . . . Garrison Access . | . . . . . . . . . . Total Hacks 82 | . 13 . 1 . 4 26 15 17 6 Successful 45 | . 6 . 1 . 3 16 7 8 4 Failed 36 | . 6 . . . 1 10 8 9 2 Catastrophic 5 | . 2 . . . . . 3 . . Database Lockouts 1 | . 1 . . . . . . . . Manual 48 | . 14 . 1 . 4 12 10 6 1 Terminals 64 | . 13 . . . 4 16 11 14 6 Fabricators 4 | . . . . . . . 1 3 . Repair Stations 13 | . . . . . . 10 3 . . Recycling Units . | . . . . . . . . . . Scanalyzers . | . . . . . . . . . . Garrison Access . | . . . . . . . . . . Terminal Hacks 16 | . 2 . 1 . 2 4 1 3 3 Record 3 | . . . . . . . . . 3 Prototype ID Bank 3 | . 1 . . . . 1 . 1 . Open Door 2 | . . . . . . 2 . . . Emergency Access Points 1 | . . . . . . . . 1 . Alert Level 1 | . . . . . 1 . . . . Zone Layout 5 | . 1 . . . 1 1 1 1 . Derelict Proto ID Bank 1 | . . . 1 . . . . . . Fabricator Hacks 3 | . . . . . . . 1 2 . Network Status 2 | . . . . . . . 1 1 . Build 1 | . . . . . . . . 1 . Repair Station Hacks 12 | . . . . . . 10 2 . . Scan Component 6 | . . . . . . 5 1 . . Repair 6 | . . . . . . 5 1 . . Recycling Unit Hacks . | . . . . . . . . . . Scanalyzer . | . . . . . . . . . . Garrison Access Hacks . | . . . . . . . . . . Unauthorized Hacks 14 | . 4 . . . 1 2 3 3 1 Terminals 14 | . 4 . . . 1 2 3 3 1 Assimilate 1 | . . . . . . . 1 . . Botnet 13 | . 4 . . . 1 2 2 3 1 Fabricators . | . . . . . . . . . . Repair Stations . | . . . . . . . . . . Recycling Units . | . . . . . . . . . . Scanalyzers . | . . . . . . . . . . Garrison Access . | . . . . . . . . . . Data Cores Recovered . | . . . . . . . . . . Used . | . . . . . . . . . . Hacking Detections 22 | . 4 . . . 1 6 6 4 1 Full Trace Events . | . . . . . . . . . . Feedback Events . | . . . . . . . . . . Feedback Blocked . | . . . . . . . . . . Robot Schematics Acquired . | . . . . . . . . . . Robots Built 4 | . . . . . . . . 4 . Authchips . | . . . . . . . . . . Time 67 | . . . . . . . . 67 . Total Robot Build Rating 16 | . . . . . . . . 16 . Part Schematics Acquired . | . . . . . . . . . . Parts Built . | . . . . . . . . . . Authchips . | . . . . . . . . . . Time . | . . . . . . . . . . Total Part Build Rating . | . . . . . . . . . . Parts Repaired 6 | . . . . . . 5 1 . . Time 209 | . . . . . . 196 13 . . Parts Recycled . | . . . . . . . . . . Recycled Matter . | . . . . . . . . . . Retrieved Matter . | . . . . . . . . . . Retrieved Components . | . . . . . . . . . . Parts Scanalyzed . | . . . . . . . . . . Part Schematics Acquired . | . . . . . . . . . . Parts Damaged . | . . . . . . . . . . Bothacking | -11 -10 -10 -10 -9 -8 -8 -7 -6 -5 ------------ Run | Yrd Mat Min Exi Min Mat Sto Fac Fac Fac Used RIF Installer . | . . . . . . . . . . Robots Hacked . | . . . . . . . . . . Non-combat . | . . . . . . . . . . Combat . | . . . . . . . . . . Robot Hacks Applied . | . . . . . . . . . . Relay Couplers Released 2 | . . . . . . . . . 2 Machine Destruction 2 | . . . . . . . . . 2 Fabnet Peak Effective % . | . . . . . . . . . . Robots Rewired . | . . . . . . . . . . Allies Hacked . | . . . . . . . . . . Hacks Repelled . | . . . . . . . . . . Allies | -11 -10 -10 -10 -9 -8 -8 -7 -6 -5 -------- Run | Yrd Mat Min Exi Min Mat Sto Fac Fac Fac Total Allies 5 | . . . . . . . 1 4 . Largest Group 4 | . . . . . . . 1 4 . Highest-Rated Group 48 | . . . . . . . 26 48 . Highest-Rated Ally 26 | . . . . . . . 26 12 . Total Orders 1 | . . . . . . 1 . . . EXPLORE 1 | . . . . . . 1 . . . Ally Attacks 26 | . . . . . . . . 26 . Total Damage 226 | . . . . . . . . 226 . Kills 1 | . . . . . . . . 1 . Allies Corrupted . | . . . . . . . . . . Allies Melted . | . . . . . . . . . . Intel | -11 -10 -10 -10 -9 -8 -8 -7 -6 -5 ------- Run | Yrd Mat Min Exi Min Mat Sto Fac Fac Fac Robot Analysis Total . | . . . . . . . . . . Derelict Logs Recovered 1 | . . 1 . . . . . . . Drone Launches 6 | . . . . . . 6 . . . Drone Recoveries . | . . . . . . . . . . Exploration | -11 -10 -10 -10 -9 -8 -8 -7 -6 -5 ------------- Run | Yrd Mat Min Exi Min Mat Sto Fac Fac Fac Turns Passed 4986 | . 316 654 249 116 147 1589 1137 568 210 Spaces Moved 2889 | 1 183 491 207 81 86 664 726 342 108 Core 3 | . . . . . . . . . 3 Treads 149 | . . . . . . . . 44 105 Legs 2737 | 1 183 491 207 81 86 664 726 298 . Wheels . | . . . . . . . . . . Hover . | . . . . . . . . . . Flight . | . . . . . . . . . . Fastest Speed 100 | 120 120 120 120 120 126 120 100 105 160 Average Speed 126 | 120 120 120 120 126 127 139 119 120 168 Slowest Speed 400 | 120 120 120 120 130 130 260 190 270 400 Overloaded Moves . | . . . . . . . . . . Propulsion Burnouts . | . . . . . . . . . . Robots Hopped . | . . . . . . . . . . Cave-ins Triggered . | . . . . . . . . . . Exploration Rate (%) 34 | 2 44 87 62 16 10 82 22 13 4 Regions Visited 9 Branch Regions 4 Pre-discovered Areas . | . . . . . . . . . . Known Exits Taken 1 | . . . . . . 1 . . . Unknown Exits Taken 8 | 1 1 1 1 1 1 . 1 1 . Scrap Searched 1 | . . 1 . . . . . . . Spaces Dug 19 | . . . . . 2 2 9 4 2 Terrain Destroyed 168 | . . . . . 2 45 21 85 15 Melee 18 | . . . . . 2 1 9 4 2 Projectile 10 | . . . . . . 10 . . . AOE 140 | . . . . . . 34 12 81 13 Terrain Rammed . | . . . . . . . . . . Walls Destroyed . | . . . . . . . . . . Machines Disabled . | . . . . . . . . . . Actions | -11 -10 -10 -10 -9 -8 -8 -7 -6 -5 --------- Run | Yrd Mat Min Exi Min Mat Sto Fac Fac Fac Total 3773 | . 242 529 208 98 119 1147 892 416 122 Wait 377 | . 20 4 . 6 14 286 39 8 . Move 2880 | . 182 490 206 80 85 663 725 341 108 Hop . | . . . . . . . . . . Pick Up 33 | . 3 4 1 3 5 9 4 3 1 Fast Attach 55 | . 2 1 . . 2 26 10 12 2 Attach 22 | . . . . . 3 6 6 4 3 Detach 5 | . . . . . . 3 2 . . Swap 49 | . 4 3 . 3 3 12 17 6 1 Drop 62 | . 6 7 1 6 4 21 14 2 1 Fire 230 | . 23 17 . . 1 109 41 36 3 Melee 39 | . . . . . 2 6 24 4 3 Ram . | . . . . . . . . . . Kick 8 | . 2 3 . . . 3 . . . Crush . | . . . . . . . . . . Escape Stasis 10 | . . . . . . . 10 . . Rewire . | . . . . . . . . . . Trap . | . . . . . . . . . . Miscellaneous 3 | . . . . . . 3 . . . Route ------- -11/Scrapyard -10/Materials (discovered 3 exits: [*Mat] / [*Min x2]) -10/Mines (discovered 3 exits: [*Mat x2] / *Exi) -10/Exiles -9/Mines -8/Materials (discovered 2 exits: Fac / *Sto) -8/Storage -7/Factory -6/Factory -5/Factory History --------- Turn | Location | Event 1 | -11/Scrapyard | Discovered new exit (range 0) 1 | -11/Scrapyard | Entered Materials 128 | -10/Materials | Central database locked down 142 | -10/Materials | Discovered new exit (range 9) 228 | -10/Materials | Discovered new exit (range 14) 281 | -10/Materials | Discovered new exit (range 15) 317 | -10/Materials | Entered Mines 323 | -10/Mines | Build established: Mutant 367 | -10/Mines | A weapon hastily lodged in a ceiling crevice suddenly fell to the ground 431 | -10/Mines | Discovered new exit (range 5) 752 | -10/Mines | Discovered new exit (range 9) 937 | -10/Mines | Learned location of 1 exit from Materials 965 | -10/Mines | Deemed a non-threat by the Exiles lab entrance 966 | -10/Mines | Discovered new exit (range 5) 971 | -10/Mines | Entered Exiles 979 | -10/Exiles | Build established: Scavenger-Mutant 1000 | -10/Exiles | Met 8R-AWN 1021 | -10/Exiles | Met EX-HEX 1057 | -10/Exiles | Met EX-BIN 1071 | -10/Exiles | Aligned with FarCom system 1072 | -10/Exiles | Given EX-Vault access code 1100 | -10/Exiles | Opened EX-Vault 1106 | -10/Exiles | Found Modified TNC 1130 | -10/Exiles | Warned to stay clear of 0b10 Research branches 1150 | -10/Exiles | Exiles lab attacked by MAIN.C 1207 | -10/Exiles | Discovered new exit (range 14) 1220 | -10/Exiles | Left Exiles lab with Modified TNC 1220 | -10/Exiles | Entered Mines 1236 | -9/Mines | Joined a pair of Derelicts in attacking an 0b10 outpost 1325 | -9/Mines | Discovered new exit (range 8) 1336 | -9/Mines | Entered Materials 1336 | -8/Materials | Evolved 4 slots: Propulsion x1, Utility x3 1337 | -8/Materials | Identified exit to Factory 1339 | -8/Materials | Garrison activated, responded to threat 1352 | -8/Materials | Met 7R-MNS 1466 | -8/Materials | Discovered new exit (range 7) 1483 | -8/Materials | Entered Storage 1590 | -8/Storage | Lost 5 parts (1p1n1u2w) 1652 | -8/Storage | Build established: Scavenger-Skirmisher 2555 | -8/Storage | Lost 4 allies 2655 | -8/Storage | Repaired Aluminum Leg 2682 | -8/Storage | Repaired Aluminum Leg 2764 | -8/Storage | Repaired Cold Fusion Reactor 2804 | -8/Storage | Repaired Assault Cannon 2830 | -8/Storage | Repaired Aluminum Leg 2981 | -8/Storage | Garrison activated, responded to threat 3048 | -8/Storage | Discovered exit to Factory (range 8) 3072 | -8/Storage | Entered Factory 3072 | -7/Factory | Evolved 2 slots: Utility x2 3987 | -7/Factory | Repaired Aluminum Leg 4194 | -7/Factory | Discovered new exit (range 15) 4209 | -7/Factory | Entered another Factory area 4209 | -6/Factory | Evolved 2 slots: Power x1, Propulsion x1 4271 | -6/Factory | Found Launcher Loader 4359 | -6/Factory | Fabricated S-27 Virus? 4383 | -6/Factory | System corruption reached 10% 4518 | -6/Factory | Build established: Scavenger-Mutant 4518 | -6/Factory | Lost 4 allies 4616 | -6/Factory | Discovered new exit (range 11) 4671 | -6/Factory | Lost 14 parts (3p6n3u2w) 4764 | -6/Factory | Core integrity fell below 50% 4777 | -6/Factory | Entered another Factory area 4777 | -5/Factory | Evolved 2 slots: Utility x1, Weapon x1 4987 | -5/Factory | Self-destructed Last Messages --------------- 04957_ ALERT: All DSF locations entering lockdown mode. 04957_ Lgt. Treads destroyed. 04958_ K-01 Serf collects debris. 04960_ Terminal disabled. 04960_ Hvy. Rocket Launcher destroyed. 04960_ Destroyed Hvy. Rocket Launcher. 04961_ U-05 Engineer lays Concrete. 04963_ Dropped Launcher Loader. 04964_ U-05 Engineer lays Concrete. 04967_ K-01 Serf collects debris. 04967_ Hvy. Laser destroyed. 04968_ Adv. Heat Sink destroyed. 04968_ U-05 Engineer lays Concrete. 04972_ Imp. Light Armor Plating destroyed. 04972_ U-05 Engineer lays Concrete. 04974_ Lgt. Treads destroyed. 04974_ U-05 Engineer lays Concrete. 04976_ VSS Leg destroyed. 04976_ Critical hit (Burn: +50). 04977_ U-05 Engineer lays Concrete. Map ----- +----------------------------------------------------+ | ????? ?# #????????????????????????? | | ???####+######+###########???????????????????????? | | ???# #???????????????????????? | | ???# #???????????????????????? | | ???# #???????????????????????? | | ???# ! " " #?? ????????????????????? | | ???# "" "" #?? ??????????????????? | | ??#####+##### ! ! #?? ???????????????? | | ??# # ### # ?????????????? | | ??# # ???????????? | | ??# # ???????????? | | ??# """ """ # = ??????????? | | ??# """ """ # ???????????? | | ??# """ """ # % ????????????? | | ??# # """"""" #?????????????? | | ??# # """""" # #??????????????? | | ??########### """""" #???????????????? | | ??# + """""" i "######+##????????? | | ??# # #????????? | | ??# # ?????????? | | ??# """ """ # ! #????????????????? | | ??# """ """ ############### g #????????????????? | | ??# """ """ ## #gg #????????????????? | | ??# ##! #g #????????????????? | | ??# "T" ## ; #????????????????? | | ??############ @# #????????????????? | | ?????????????# # #?????????g??????? | | ?????????????# """" """" # #?????????b??????? | | ????????????????""" """" # #????????????????? | | ?????????????????"" """" # #????????????????? | | ??????????????????? """" # ?????o?????????? | | ????????????????????"""" # ??????????????? | | ??????????????????????"" # ?????????????? | | ?????????????????????? # ????????????? | | ??????????????????????####? ???????????? | | ???????????????????????????##+########???????????? | | ?????????????????????????????????????????????????? | | ?????????????????????????????????????????????????? | | ?????????????????????????????????????????????????? | | ?????????????????????????????????????????????????? | | ?????????????????????????????????????????????????? | | ?????????????????????????????????????????????????? | | ?????????????????????????????????????????????????? | | | | | | | | | | | | | | | +----------------------------------------------------+ Best States ------------- Heat Dissipation 78 Energy Generation 27 Energy Capacity 365 Matter Stores 300 Matter Capacity 300 Sight Range 16 Terrain Scan Density 10 Cloak Strength 3 Base Temperature (-) 150 Armor Coverage 600 Evasion (%) 63 Targeting Accuracy 6 Recoil Reduction 2 Salvage Targeting 2 Offensive Hacking 10 Item Schematics ----------------- None Robot Schematics ------------------ None Fabricated ------------ S-27 Virus | x4 | -6/Factory | Preloaded Alien Tech Used ----------------- None Achievements -------------- None Challenges ------------ None Game ------ Seed ScrapScrapMegatreads Manual? 0 Play Time 01:04:39 Cumulative 80.4 hours Start 2024.11.19 @ 14:07:49 End 2024.11.19 @ 15:19:34 Sessions 1 Manual Loads 0 Difficulty Rogue Special Mode None Game No. 58 Rogue 58 Adventurer 0 Explorer 0 Win Type - Total 1 Types 1/0/0/0/0/0/0/0/0 Lore% 26 Gallery% 51 Achievement% 42 Wizard Run 0 Options --------- Layout 0 ASCII 0 Keyboard 0 Movement Arrows Keybinds 0 Fullscreen 2 Font 18/X11 Map View 76x50 Zoom Use 0% Tactical HUD 1 Map Filters NONE Filters NONE Steam 0 RUN: 2382c4f2-772c-4443-8f81-fdff3b2edb4d